 Dungeon Crawl Stone Soup version 0.22-a0-280-g69bf1f3 (webtiles) character file.

6708 lilbarb the Carver (level 11, -5/93 HPs)
             Began as a Barachi Fighter on Mar 16, 2018.
             Was a Priest of Wu Jian.
             Slain by a large abomination (10 damage)
             ... on level 2 of the Abyss.
             The game lasted 00:42:21 (12089 turns).

lilbarb the Carver (Barachi Fighter)               Turns: 12089, Time: 00:42:21

Health: -5/93      AC: 22    Str: 23    XL:     11   Next: 3%
Magic:  13/13      EV:  4    Int:  9    God:    Wu Jian [***...]
Gold:   204        SH: 12    Dex: 16    Spells: 10/10 levels left

rFire    . . .     SeeInvis .   B - +1 long sword (curse)
rCold    . . .     Gourm    .   c - +1 shield
rNeg     . . .     Faith    .   n - +8 plate armour {ponderous}
rPois    .         Spirit   .   A - +0 helmet
rElec    .         Reflect  .   (no cloak)
rCorr    .         Harm     .   q - +0 pair of gloves
MR       .....                  (no boots)
Stlth    ..........             (no amulet)
HPRegen  0.25/turn              e - +5 ring of dexterity
MPRegen  0.13/turn              b - +2 ring of strength

@: exhausted, can't hop, very slow
A: +LOS, swims, slowness 1, strong legs 1
a: Hop, Wall Jump, Serpent's Lash, Renounce Religion


You were on level 2 of the Abyss.
You worshipped Wu Jian.
Wu Jian was most pleased with you.
You were not hungry.

You visited 1 branch of the dungeon, and saw 10 of its levels.
You visited the Abyss 1 time.

You collected 582 gold pieces.
You spent 378 gold pieces at shops.

Inventory:

Hand Weapons
 a - a +0 long sword
 t - a +0 falchion
 B - a cursed +1 long sword (weapon)
Missiles
 j - 10 tomahawks (quivered)
Armour
 c - a +1 shield (worn)
 n - a +8 plate armour of ponderousness (worn)
 q - a +0 pair of gloves (worn)
 y - a +2 robe of positive energy
 A - a +0 helmet (worn)
Jewellery
 b - a +2 ring of strength (right hand)
 e - a +5 ring of dexterity (left hand)
 g - an uncursed ring of poison resistance
 s - a +4 ring of intelligence
Wands
 m - a wand of digging (11)
 u - a wand of iceblast (4)
 v - a wand of clouds (2)
 z - a wand of paralysis (9)
Scrolls
 d - a scroll of amnesia
 i - 8 scrolls of identify
 k - 3 scrolls of enchant armour
 l - a scroll of immolation
 w - 4 scrolls of remove curse
Potions
 o - 2 potions of cancellation
 p - a potion of mutation
 r - 5 potions of brilliance
Comestibles
 f - 12 rations


   Skills:
 + Level 11.3 Fighting
 - Level 14.3 Long Blades
 + Level 5.0 Armour
 * Level 5.6 Shields
 + Level 2.9 Evocations


You had 10 spell levels left.
You didn't know any spells.

Dungeon Overview and Level Annotations

Branches:
Dungeon (10/15)
 Temple: D:4-7         Lair: D:8-11         Orc: D:9-12

Altars:
Elyvilon
Kikubaaqudgha
Okawaru
Wu Jian

Shops:
D:8 [[}(

Annotations:
D:7 exclusion: 2 downstairs
D:10 Erolcha


Innate Abilities, Weirdness & Mutations

Shadows flee at your approach. (+LOS)
You can swim through water.
You cover ground slowly.
You can hop short distances.


Message History

Aiming: Cloud Cone
Press: ? - help, Dir - move target cursor, f - large abomination
Aim: a large abomination (purple smoke, moderately damaged, inner flame)
You create a blast of flame!
The large abomination is engulfed in blazing flames.
The large abomination is engulfed in blazing flames.
Evoke which item? (* to show all) (? for menu, Esc to quit)
Aiming: Cloud Cone
Press: ? - help, Dir - move target cursor, f/p - large abomination
Aim: a large abomination (flame, heavily damaged, inner flame)
You create a blast of freezing vapour!
The large abomination is engulfed in blazing flames.
You hit the large abomination but do no damage.
The large abomination is severely damaged.
You block the large abomination's attack.
Okay, then.
Okay, then.
Found 19 stones.
The large abomination hits you!
You die...

. ..# #### #(. ...
####. .. #.###....
.# #.###..#.#.##.
.....#............
#.......@....#...#
.#...##.##X....#
....... ##..##...#
. #.............#
... #
#.##..####§#..###.#
#...#.#...§§......#
#...#..§§§...#....
.#....§§#.#...#.=
#. ... .#§§§
#.......#


You could see a large abomination (inner flame).

Vanquished Creatures
  A two-headed ogre (D:8)
  A troll (D:9)
  A queen bee (D:8)
  Grinder (D:3)
  2 hippogriffs (D:7)
  Sigmund (D:3)
  7 yaks
  2 water moccasins
  2 black bears
  An ice beast (D:9)
  2 orc warriors
  2 eyes of draining (D:7)
  A phantom (D:7)
  6 ogres
  A centaur (D:7)
  4 bullfrogs
  A wyvern skeleton (D:7)
  13 killer bees
  An electric eel (D:9)
  4 howler monkeys
  3 hounds
  3 crimson imps
  A bullfrog zombie (D:8)
  2 bullfrog skeletons
  5 jellies
  2 orc priests (D:8)
  A gnoll shaman (D:6)
  4 iguanas
  Jessica (D:2)
  Natasha (thrice) (D:3)
  6 orc wizards
  7 worker ants
  2 hound skeletons
  A worker ant zombie (D:7)
  9 gnolls
  12 adders
  3 shadow imps
  An adder zombie (D:7)
  An adder skeleton (D:8)
  3 dart slugs
  6 leopard geckos
  23 orcs
  9 bats
  5 giant cockroaches
  3 goblins
  5 hobgoblins
  15 jackals
  2 quokkas
  10 frilled lizards
  A jackal skeleton (D:7)
  4 kobolds
  3 quokka skeletons
  7 rats
217 creatures vanquished.

Notes
Turn   | Place    | Note
-------+----------+-------------------------------------------
     0 | D:1      | lilbarb the Barachi Fighter began the quest for the Orb.
     0 | D:1      | Reached XP level 1. HP: 18/18 MP: 1/1
   174 | D:1      | Reached skill level 3 in Long Blades
   174 | D:1      | Reached XP level 2. HP: 23/25 MP: 2/2
   774 | D:1      | Reached XP level 3. HP: 27/30 MP: 3/3
  1143 | D:2      | Reached skill level 4 in Long Blades
  1176 | D:2      | Found an ornate altar of the Wu Jian Council.
  1185 | D:2      | Found an iron altar of Okawaru.
  1195 | D:2      | Found an ancient bone altar of Kikubaaqudgha.
  1321 | D:2      | Found a white marble altar of Elyvilon.
  1341 | D:2      | Became a worshipper of the Wu Jian Council
  1413 | D:2      | Noticed Jessica
  1420 | D:2      | Killed Jessica
  1420 | D:2      | Reached XP level 4. HP: 34/38 MP: 4/4
  1681 | D:2      | Reached skill level 5 in Long Blades
  1842 | D:3      | Noticed Sigmund
  1856 | D:3      | Killed Sigmund
  1856 | D:3      | Reached skill level 5 in Fighting
  1856 | D:3      | Reached skill level 6 in Long Blades
  1856 | D:3      | Reached XP level 5. HP: 39/44 MP: 5/5
  1856 | D:3      | Reached XP level 6. HP: 45/51 MP: 6/6
  2004 | D:3      | Noticed Grinder
  2040 | D:3      | Killed Grinder
  2040 | D:3      | Reached * piety under Wu Jian
  2040 | D:3      | Reached skill level 7 in Long Blades
  2040 | D:3      | Reached XP level 7. HP: 21/58 MP: 7/7
  2348 | D:3      | Noticed Natasha
  2364 | D:3      | Killed Natasha
  2717 | D:3      | Noticed Natasha
  2737 | D:3      | Killed Natasha
  2787 | D:3      | Noticed Natasha
  2798 | D:3      | Killed Natasha
  3106 | D:4      | Reached skill level 8 in Long Blades
  3527 | D:5      | Entered Level 5 of the Dungeon
  4032 | D:5      | Reached XP level 8. HP: 46/67 MP: 8/8
  4039 | D:5      | Reached skill level 9 in Long Blades
  5314 | D:7      | Reached skill level 10 in Long Blades
  6039 | D:7      | Reached ** piety under Wu Jian
  6245 | D:7      | Reached skill level 11 in Long Blades
  6245 | D:7      | Reached XP level 9. HP: 75/75 MP: 9/9
  7240 | D:7      | Reached skill level 12 in Long Blades
  7343 | D:8      | Noticed a two-headed ogre
  8001 | D:8      | HP: 3/78 [crimson imp (2)]
  8011 | D:8      | HP: 2/78 [orc priest/divine providence (10)]
  8403 | D:7      | Reached skill level 10 in Fighting
  8540 | D:7      | Reached skill level 13 in Long Blades
  8551 | D:7      | Reached XP level 10. HP: 48/85 MP: 10/10
  9260 | D:8      | Found Vakhearu's Gadget Emporium.
  9265 | D:8      | Bought a wand of clouds (5) for 378 gold pieces
  9527 | D:8      | Reached *** piety under Wu Jian
  9546 | D:8      | HP: 1/86 [orc wizard/magic dart (8)]
  9958 | D:8      | Killed a two-headed ogre
  9958 | D:8      | Reached skill level 14 in Long Blades
 10252 | D:8      | Found Inurony's Antique Weapon Shop.
 10302 | D:8      | Found Viurr's Antique Armour Shop.
 10303 | D:8      | Found Tinydur's Antique Armour Shoppe.
 10570 | D:9      | Reached skill level 1 in Evocations
 11245 | D:9      | Reached skill level 5 in Shields
 11261 | D:9      | Reached XP level 11. HP: 43/93 MP: 11/13
 11654 | D:9      | Reached skill level 5 in Armour
 11908 | D:10     | Entered Level 10 of the Dungeon
 11983 | D:10     | Noticed Erolcha
 12002 | D:10     | Cast into level 1 of the Abyss (Erolcha)
 12002 | Abyss:1  | Found a corrupted altar of Lugonu.
 12040 | Abyss:1  | Noticed a spatial maelstrom
 12072 | Abyss:2  | Noticed a large abomination
 12081 | Abyss:2  | HP: 3/93 [large abomination (15)]
 12089 | Abyss:2  | Slain by a large abomination

Vault maps used:
D:1:      dpeg_arrival_shelter
D:2:      grunt_temple_overflow_cloverleaf, uniq_jessica
D:3:      first_ration, minmay_curled_crystal, kennysheep_generic_room_15,
          uniq_grinder, uniq_sigmund, uniq_natasha
D:4:      black_bear_nest_1, temple_statues, uniq_menkaure, uniq_pikel,
          uniq_ijyb
D:8:      hangedman_cross_stitches, serial_shops, shop, shop, shop,
          nicolae_shop_trees, david_nohive_1
D:9:      kennysheep_big_empty_room
D:10:     dpeg_lair_monsters, uniq_erolcha
Abyss:1:  evilmike_abyss_exit_kraken

Skill      XL: |  1  2  3  4  5  6  7  8  9 10 11 |
---------------+----------------------------------+-----
Long Blades    | 3 4 6 7 8 11 13 14 | 14.3
Fighting       | 4 5 6 7 8 10 11 | 11.3
Evocations     | 2 |  2.9
Armour         | 4 5 |  5.0
Shields        | 5 |  5.6

Action                   |  1- 3 |  4- 6 |  7- 9 | 10-12 || total
-------------------------+-------+-------+-------+-------++-------
Melee: Long sword        |   102 |    74 |   520 |   225 ||   921
       Falchion          |       |       |       |   155 ||   155
Throw: Tomahawk          |       |     1 |    28 |     8 ||    37
Invok: Lunge             |     1 |     7 |    27 |    26 ||    61
       Whirlwind         |       |       |    41 |    30 ||    71
       Wall Jump         |       |       |     5 |    14 ||    19
       Serpent's Lash    |       |       |       |     3 ||     3
 Abil: Hop               |       |     1 |     7 |     6 ||    14
Evoke: Wand              |       |       |     4 |     7 ||    11
  Use: Potion            |       |     2 |     7 |     2 ||    11
       Scroll            |       |       |     7 |    10 ||    17
 Stab: Invisible         |       |     1 |     2 |       ||     3
  Eat: Chunk             |     2 |     2 |    18 |     7 ||    29
       Ration            |       |       |     2 |     2 ||     4
Armor: Scale mail        |    36 |    34 |    16 |       ||    86
       Chain mail        |       |       |   214 |    46 ||   260
       Plate armour      |       |       |       |   102 ||   102
Dodge: Dodged            |    32 |    19 |   105 |    36 ||   192
Block: Shield            |    51 |    28 |   257 |   143 ||   479
       Rpst.: Long sword |    13 |     8 |    28 |     5 ||    54
       Falchion          |       |       |       |     6 ||     6

Table legend:
 A = Spawn XP
 B = Non-spawn XP
 C = Spawn XP percentage of total XP
 D = Spawn monster count
 E = Non-spawn monster count
 F = Spawn count percentage of total count
 G = Total turns spent on level
                    A         B        C        D         E        F      G
               +---------+---------+-------+---------+---------+-------+---------
         Total |       0 |    9583 |   0.0 |       0 |     217 |   0.0 | 12089
               +---------+---------+-------+---------+---------+-------+---------
           D:1 |       0 |      50 |   0.0 |       0 |      28 |   0.0 |  1189
           D:2 |       0 |      91 |   0.0 |       0 |      25 |   0.0 |   708
           D:3 |       0 |     644 |   0.0 |       0 |      16 |   0.0 |  1333
           D:4 |       0 |      95 |   0.0 |       0 |       6 |   0.0 |   297
           D:5 |       0 |     518 |   0.0 |       0 |      23 |   0.0 |   979
           D:6 |       0 |     244 |   0.0 |       0 |      14 |   0.0 |   791
           D:7 |       0 |    2547 |   0.0 |       0 |      35 |   0.0 |  3841
           D:8 |       0 |    2849 |   0.0 |       0 |      43 |   0.0 |  1335
           D:9 |       0 |    2381 |   0.0 |       0 |      23 |   0.0 |  1435
          D:10 |       0 |     164 |   0.0 |       0 |       4 |   0.0 |    94
               +---------+---------+-------+---------+---------+-------+---------
